[Event "26th Hit Open-A 2022"]
[Site "Nova Gorica"]
[Date "2022.09.18"]
[Round "4.34"]
[White "Lohia, Sohum"]
[Black "Budai, Leonardo"]
[Result "1-0"]
[ECO "C55"]
[WhiteElo "2185"]
[BlackElo "1676"]
[Annotator "TA"]
[PlyCount "59"]
[EventDate "2022.09.16"]
[EventType "swiss"]
[EventCountry "SLO"]
[SourceTitle "playchess.com"]
[Source "ChessBase"]
[SourceQuality "1"]
[TimeControl "5400+30"]

1. e4 e5 2. Nf3 Nc6 3. Bb5 a6 4. Ba4 Nf6 5. d3 b5 6. Bb3 Be7 7. O-O O-O 8. c3 d6 9. h3 $1 {[%emt 0:00:17][%mdl 4] now scores much better than the old 9.Re1.} Na5 10. Bc2 c5 {[%emt 0:00:15] C55: Two Knights: 4 d3, 4 d4 exd4 5 e5 and Max Lange Attack.} 11. d4 cxd4 12. cxd4 Qc7 {[%emt 0:00:17] The position is equal.} 13. Nc3 Bb7 14. d5 Rac8 {[%emt 0:02:20] [#] Strongly threatening ...b4.} 15. a3 {[%emt 0:05:09] [#]} (15. Bb1 $5 ) 15... Nc4 $146 ({Predecessor:} 15... Nd7 16. Ng5 h6 17. Nf3 Nc4 18. Re1 Kh8 19. Nd2 Nxd2 20. Bxd2 Nb6 21. Qf3 Nc4 {0-1 (29) Boi,P (1577)-Korinek,J (1713) LSS email 2011}) 16. Nd2 Nb6 17. Bd3 Nfd7 18. Nb3 Qd8 (18... Na4 $11) 19. a4 $14 bxa4 (19... b4 $11 20. Na2 Nxa4) 20. Nxa4 $16 Nc5 $2 {[%emt 0:01:21] This costs Black the game.} (20... Nxa4 $16 21. Rxa4 Rb8) 21. Naxc5 $18 dxc5 22. Bxa6 Bxa6 23. Rxa6 f5 (23... Qc7 {was necessary.} 24. Qc2 Ra8 25. Rxa8 Rxa8) 24. Na5 {[%emt 0:02:52] [#] Threatens to win with Nc6.} Rf6 (24... Nd7 25. exf5 Bf6) 25. Nc6 {[%emt 0:00:38] White is clearly winning.} Qc7 26. Ra7 Rxc6 27. Rxc7 R6xc7 28. d6 Rd7 29. Qb3+ Kh8 30. dxe7 {[%emt 0:00:12] Weighted Error Value: White=0.06 (flawless) /Black=0.62} 1-0

[Event "26th Hit Open-A 2022"]
[Site "Nova Gorica"]
[Date "2022.09.18"]
[Round "4.35"]
[White "Bajec, Borut"]
[Black "Herega, Nejc"]
[Result "0-1"]
[ECO "D94"]
[WhiteElo "1732"]
[BlackElo "2146"]
[Annotator "TA"]
[PlyCount "106"]
[EventDate "2022.09.16"]
[EventType "swiss"]
[EventCountry "SLO"]
[SourceTitle "playchess.com"]
[Source "ChessBase"]
[SourceQuality "1"]
[TimeControl "5400+30"]

1. d4 Nf6 2. c4 g6 3. Nc3 d5 4. e3 Bg7 5. Nf3 O-O 6. Bd3 c5 7. O-O Nc6 8. a3 {[%emt 0:01:38] D94: Grünfeld: 4 Nf3 Bg7 5 e3.} cxd4 9. exd4 Bg4 10. h3 (10. Be3 $15) 10... Bxf3 $17 11. Qxf3 Nxd4 12. Qd1 dxc4 13. Bxc4 Rc8 {[%emt 0:02:16] [#]} 14. Ba2 $146 ({Predecessor:} 14. Bb5 Rxc3 15. bxc3 Nxb5 16. Qb3 Nxc3 17. Bb2 Ne2+ 18. Kh1 Qd5 {0-1 (18) Michels,M-Mellal,H Griesheim 2003}) 14... Qd7 15. Be3 e5 {[%emt 0:06:59] Black is more active.} 16. f4 Nf5 {[%emt 0:04:58] Pair of Knights!} 17. Qxd7 Nxd7 18. Bxa7 Ra8 19. Nb5 exf4 20. Rxf4 Be5 21. Rc4 Bxb2 22. Rb1 {[%emt 0:00:47] [#]} Bxa3 23. Rc7 {[%emt 0:00:51] [#]} Bc5+ $1 24. Bxc5 Nxc5 25. Bd5 Ne6 26. Rxb7 (26. Bxe6 $15 fxe6 27. Rxb7) 26... Rab8 27. Nc3 Rxb7 28. Rxb7 Nfd4 29. Ne4 Rd8 30. Ba2 Kg7 31. Kf2 h6 32. Kg3 g5 33. Kg4 (33. Kf2 $15) 33... Kg6 {[%emt 0:00:50] Strongly threatening ...f5+.} 34. Kg3 Ne2+ 35. Kf2 N2f4 36. g3 Nxh3+ 37. Kg2 {[%emt 0:00:10] [#]} g4 {[%emt 0:00:28] Hoping for ...Rd4.} 38. Re7 $2 {[%emt 0:00:17][%mdl 8192] Now White is beyond hope.} (38. Rb6 $17) 38... Nhg5 $19 39. Bxe6 Nxe6 {[%emt 0:00:36][%mdl 4096] Endgame KRN-KRN} ({Weaker is} 39... fxe6 40. Nxg5 Rd2+ 41. Kf1 Kxg5 42. Rxe6 $15) 40. Ra7 Rd4 41. Nc3 Rd2+ 42. Kg1 Rd3 43. Ne4 (43. Ne2) 43... f5 44. Ra6 fxe4 45. Rxe6+ {[%emt 0:00:11] KR-KR} Kf5 46. Rxh6 Rxg3+ (46... e3 $142 47. Kf1 Rd2 48. Ke1 Ke4 49. Rh7 Rf2 50. Re7+ Kf3 51. Rf7+ Kxg3 52. Ra7 Rh2 53. Rg7 Kf3 54. Rf7+ Kg2 55. Rg7 g3 56. Rg5 Kf3 57. Kd1 Rh1+ 58. Kc2 e2 59. Rf5+ Ke4 60. Rf7 e1=Q 61. Re7+ Kf3 62. Rf7+ Kg2 63. Rd7 Qe4+ 64. Kd2 Rb1 65. Rd8 Rb2+ 66. Kc3 Rc2+ 67. Kb3 Qc4+ 68. Ka3 Ra2#) 47. Kf2 Rf3+ 48. Ke2 Kf4 49. Re6 e3 (49... g3 $142 50. Rf6+ Kg4 51. Rg6+ Kh3 52. Rh6+ Kg2) 50. Rg6 Rf2+ {[%emt 0:00:20] Black mates.} 51. Ke1 g3 52. Rf6+ Ke5 53. Rg6 g2 {[%emt 0:00:31] Weighted Error Value: White=0.83/Black=0.30} 0-1

[Event "26th Hit Open-A 2022"]
[Site "Nova Gorica"]
[Date "2022.09.18"]
[Round "4.36"]
[White "Oestmann, Lukas"]
[Black "Schloffer, Jasmin-Denise"]
[Result "1/2-1/2"]
[ECO "C42"]
[WhiteElo "1620"]
[BlackElo "2127"]
[Annotator "TA"]
[PlyCount "98"]
[EventDate "2022.09.16"]
[EventType "swiss"]
[EventCountry "SLO"]
[SourceTitle "playchess.com"]
[Source "ChessBase"]
[SourceQuality "1"]
[TimeControl "5400+30"]

1. e4 e5 2. Nf3 Nf6 3. Nxe5 d6 4. Nf3 Nxe4 5. Nc3 Nxc3 6. dxc3 Be7 7. Be3 O-O 8. Qd2 {[%emt 0:00:30] C42: Petroff Defence: 3 Nxe5 and unusual White 3rd moves.} Nd7 9. O-O-O Nf6 10. Bd3 c5 11. c4 (11. Rhe1 $11) 11... a6 (11... b5 $5) 12. Ng5 (12. Bf4 $11) 12... b5 $15 {[%emt 0:09:59] [#]} 13. f3 $146 ({Predecessor:} 13. c3 Qa5 14. Bb1 bxc4 15. h4 d5 16. h5 h6 17. Nf3 Ne4 18. Qc2 Be6 19. Ne5 {0-1 (33) Silva Lucena,C (2220)-Gavilan Diaz,M (2334) Marbella 2018}) 13... Rb8 14. g4 (14. Rhe1 $15) 14... Qb6 15. b3 Rd8 16. Bf4 Bf8 $2 {[%emt 0:01:14][%mdl 8192] [#]} (16... Rb7 $17 {...bxc4 is the strong threat.} 17. c3 bxc4 18. Bxc4 d5) 17. h4 $2 (17. Nxf7 $1 $18 {[%cal Og4g5][%mdl 512] And now g5! would win.} Kxf7 (17... Rd7 18. Ng5) 18. g5) 17... Rb7 $11 (17... h6 18. Nxf7 Kxf7 19. g5 $16) 18. Ne4 d5 19. Nxf6+ Qxf6 20. Kb1 {[%emt 0:00:08] Prevents Qa1+.} bxc4 21. Bg5 Qd6 (21... Qxf3 $11 {might be stronger.} 22. Rhf1 (22. Bxd8 cxd3 23. Qxd3 Qxd3 $15) (22. Be2 Qe4 $17) 22... Qxg4) 22. Bxc4 $1 $16 d4 $2 (22... dxc4 $14 23. Bxd8 Qc6) 23. Bxd8 $18 Qxd8 24. Qd3 Rb6 25. Rhe1 a5 26. Qe4 Bd7 $2 (26... Be6 {keeps fighting.}) 27. Qd5 Rf6 28. Re5 (28. g5 $142 Re6 29. Rxe6 fxe6 30. Qe5) 28... Qc7 {[%emt 0:01:22] [#]} (28... Qc8 $142) 29. Qe4 $1 Bd6 30. Qa8+ ({Not} 30. Rh5 g6 31. Rd5 Bc6 $14) 30... Bf8 31. Qe4 (31. Re7 $18) 31... Bc6 $2 (31... Bd6 $1 $11 {and Black has nothing to worry.} 32. Qa8+ (32. Rh5 g6 $14) 32... Bf8) 32. Qe1 $2 (32. Bd5 $18 {and the rest is easy.}) 32... Bd6 33. Rf5 Rxf5 34. gxf5 {[%emt 0:00:03][%cal Of5f6] aiming for f6!} Bg3 35. Qh1 h6 $2 {[%emt 0:01:23] [#]} (35... Qf4 $16) 36. Rg1 $2 ({Only move:} 36. f6 $1 $18 g6 37. Rg1) 36... Be5 $1 $14 37. Bd3 (37. Qg2 $5 ) 37... Bf6 38. Qg2 a4 39. Qg3 Qb7 (39... Qd8 $14) 40. Qd6 $1 $18 {[%emt 0:01:08][%csl LRc5,LRf6] Intending Qxf6 and mate.} Kh7 41. Qxc5 $2 (41. Qf8 {mates} Be4 42. fxe4 g5 43. hxg5 Bxg5 44. e5 f6 45. exf6 axb3 46. cxb3) 41... axb3 42. cxb3 Bxf3 43. Rc1 Be4 (43... Qb8 $16 {was worth a try.} 44. Qc4 Qe8) 44. Qc2 $1 Bd5 45. Qc7 {[%emt 0:01:08] Strongly threatening Qxb7.} Qb4 {[%emt 0:00:28][%cal Od5b3] Threatens to win with ...Bxb3!} 46. Qc5 (46. Kb2 $142) 46... Qd2 $16 47. Qc2 ({Don't play} 47. Qxd5 Qxd3+ 48. Rc2 Qf1+ 49. Rc1 Qd3+ 50. Rc2 Qf1+ 51. Rc1 Qd3+ $11) 47... Qb4 (47... Qe3 $16 {might work better.}) 48. Qc5 $2 (48. Kb2 $18) 48... Qd2 $1 $11 49. Qc2 (49. Qxd5 $11 Qxd3+ 50. Rc2) 49... Qb4 $1 {[%emt 0:00:08] Weighted Error Value: White=0.67/Black=0.61} 1/2-1/2

[Event "26th Hit Open-A 2022"]
[Site "Nova Gorica"]
[Date "2022.09.18"]
[Round "4.37"]
[White "Guid, Taja"]
[Black "Nyysti, Sampsa"]
[Result "0-1"]
[ECO "C24"]
[WhiteElo "1511"]
[BlackElo "2363"]
[Annotator "ChessBase"]
[PlyCount "80"]
[EventDate "2022.09.16"]
[EventType "swiss"]
[EventCountry "SLO"]
[SourceTitle "playchess.com"]
[Source "ChessBase"]
[SourceQuality "1"]
[TimeControl "5400+30"]

1. e4 e5 2. Bc4 Nf6 3. d3 c6 4. Nf3 d5 5. Bb3 a5 6. a3 a4 7. Ba2 Bd6 8. O-O O-O 9. Bg5 dxe4 10. dxe4 h6 11. Bh4 Qe7 12. Nc3 Nbd7 13. Qe2 Nc5 14. h3 Be6 15. Rfd1 Bxa2 16. Rxa2 Bc7 17. Raa1 b5 18. Nh2 Qe6 19. Ng4 Nfd7 20. f3 Ba5 21. Kh2 f6 22. Ne3 Rfd8 23. Nf5 Nb7 24. Rd2 Bxc3 25. bxc3 Nb6 26. Rxd8+ Rxd8 27. Be1 Nc4 28. Qf2 Kh7 29. Qa7 Rd7 30. Qf2 Nbd6 31. Ne3 Nxe3 32. Qxe3 Nc4 33. Qc5 Rd6 34. Kg3 f5 35. Kh2 fxe4 36. fxe4 Qg6 37. Bg3 Qxe4 38. Re1 Qxc2 39. Bxe5 Rg6 40. Rg1 Rg5 0-1

[Event "26th Hit Open-A 2022"]
[Site "Nova Gorica"]
[Date "2022.09.18"]
[Round "4.38"]
[White "Chkhaidze, Nikoloz"]
[Black "Novak, Rok"]
[Result "1-0"]
[ECO "D41"]
[WhiteElo "2239"]
[BlackElo "1763"]
[Annotator "TA"]
[PlyCount "65"]
[EventDate "2022.09.16"]
[EventType "swiss"]
[EventCountry "SLO"]
[SourceTitle "playchess.com"]
[Source "ChessBase"]
[SourceQuality "1"]
[TimeControl "5400+30"]

1. d4 d5 2. c4 e6 3. Nf3 Nf6 4. Nc3 c5 5. cxd5 Nxd5 6. e4 Nxc3 7. bxc3 cxd4 8. cxd4 Bb4+ 9. Bd2 Bxd2+ 10. Qxd2 O-O 11. Bc4 Nd7 12. O-O b6 13. Rad1 Bb7 14. Rfe1 Rc8 {[%emt 0:00:58] D41: Queen's Gambit Declined: Semi-Tarrasch with 5 cxd5.} 15. Bb3 Re8 16. h3 Nf6 {[%emt 0:04:45] The position is equal.} 17. Qf4 Qc7 18. Ne5 {[%emt 0:04:09] [#]} h6 $146 ({Predecessor:} 18... Re7 19. Qh4 b5 20. Rd3 a5 21. Rg3 Nxe4 22. Rxe4 Bxe4 23. Qxe4 a4 24. Bd1 f6 {½-½ (36) Vidit,S (2727)-Duda,J (2760) Wijk aan Zee 2022}) 19. g4 Nh7 20. h4 {[%emt 0:04:38] aiming for d5.} g5 21. hxg5 hxg5 {[%emt 0:00:27] [#]} 22. Qe3 {[%emt 0:01:33] White is more active.} (22. Qh2 $1 $16 ) 22... Qe7 (22... Kg7 $11 {keeps the balance.}) 23. Kg2 $16 Kg7 (23... Nf8 $14) 24. Rh1 $18 {[%emt 0:02:04] Black must now prevent Rh5.} Rh8 {[%emt 0:01:00] [#]} 25. Rh5 $2 ({And not} 25. Qh3 Bxe4+ 26. f3 Nf6 $17) (25. Nf3 $1 $18) 25... Qf6 $2 {[%emt 0:02:51][%mdl 8192] Black cannot hold the game after this.} (25... f6 $11 {and Black stays safe.}) 26. Rdh1 {[%emt 0:02:17] White is clearly winning.} Qe7 (26... Rc7 $142 27. Nf3 Rcc8) 27. Rh6 Rcg8 {[%emt 0:05:16] [#]} 28. Nxf7 $1 Qxf7 29. Bxe6 Qf4 30. Qxf4 gxf4 31. Bxg8 Kxg8 32. f3 Kg7 33. g5 {[%emt 0:00:32] Weighted Error Value: White=0.19 (very precise) /Black=0.68} 1-0

[Event "26th Hit Open-A 2022"]
[Site "Nova Gorica"]
[Date "2022.09.18"]
[Round "4.39"]
[White "Bauer, Thomas"]
[Black "Budai, Federico"]
[Result "1-0"]
[ECO "C24"]
[WhiteElo "2200"]
[BlackElo "1712"]
[Annotator "TA"]
[PlyCount "163"]
[EventDate "2022.09.16"]
[EventType "swiss"]
[EventCountry "SLO"]
[SourceTitle "playchess.com"]
[Source "ChessBase"]
[SourceQuality "1"]
[TimeControl "5400+30"]

1. e4 e5 2. Bc4 Nf6 3. d3 c6 4. Nf3 d5 5. Bb3 a5 {[%emt 0:00:18] aiming for ...a4.} 6. Nc3 {[%emt 0:00:10] C24: Bishop's Opening: 2...Nf6.} (6. Nxe5 $2 a4 7. Bxd5 cxd5 8. exd5 Nxd5 $19) 6... Bb4 $1 7. a3 (7. Nxe5 $2 a4 8. Bxd5 cxd5 $19) 7... Bxc3+ 8. bxc3 {[%emt 0:00:02] The position is equal.} a4 9. Ba2 Qd6 10. O-O O-O 11. Bg5 {[%emt 0:00:03] [#]} dxe4 $146 ({Predecessor:} 11... Nbd7 12. Nh4 Nc5 13. f4 Ncxe4 14. dxe4 Nxe4 15. Kh1 Qc5 16. c4 f6 17. cxd5 Nc3 {½-½ (26) Karjakin,S (2776)-Gashimov,V (2746) Monte Carlo 2011}) 12. dxe4 Qxd1 13. Rfxd1 Nxe4 (13... h6 $11 14. Bxf6 gxf6) 14. Be7 $14 Re8 {[%emt 0:09:17] [#]} 15. Nxe5 $1 Be6 16. Bxe6 fxe6 {[%emt 0:00:17] [#]} 17. c4 $1 Na6 $1 18. Bh4 {[%emt 0:02:16] Rd4 is the strong threat.} g5 19. Bg3 Nxg3 20. hxg3 Rad8 (20... Nc5 $14) 21. Nd7 ({White should try} 21. f4 $16) 21... Kf7 (21... Kg7 $11) 22. Rd3 (22. Rab1 $16) 22... Ke7 $11 23. Rad1 b5 24. Ne5 $1 Rxd3 25. Rxd3 $14 {[%emt 0:00:02][%mdl 4096] Endgame KRN-KRN} Nb8 26. Rf3 Rf8 27. Re3 Kd6 28. Nf3 h6 (28... g4 $11 {remains equal.} 29. Ng5 Rf5 30. Ne4+ (30. Rxe6+ $2 Kd7 $19) (30. Nxe6 Re5 $17) (30. Nxh7 Nd7 $15) 30... Ke7) 29. cxb5 $16 {[%emt 0:01:20] Black is now going downhill.} cxb5 30. Nd4 Rf6 (30... b4 $16 {might work better.}) 31. Nxb5+ $18 Kc6 32. Nc3 Na6 33. Nxa4 Nc7 34. c4 Rf5 35. Nb2 Kd6 36. Nd3 Na6 37. g4 Ra5 38. Nb4 Nxb4 $2 (38... Nc5 {is tougher.} 39. f3 Ra4) 39. axb4 {[%emt 0:00:05] KR-KR} Ra1+ 40. Kh2 Rb1 41. b5 Rc1 42. Re4 Rc2 43. Kg3 e5 (43... Rc3+ $142 44. f3 Rc2) 44. Kf3 Rc3+ 45. Ke2 Rc2+ 46. Ke1 Kc5 47. g3 Kd6 48. Kf1 Rc1+ 49. Kg2 Rc2 50. Kf3 Rc3+ 51. Ke2 Rc2+ 52. Ke3 Rc3+ 53. Kd2 Rf3 54. Re2 Ra3 55. Kc1 Kc5 56. Rxe5+ Kxc4 57. b6 Rc3+ 58. Kd2 {[%emt 0:00:38] Re3 would kill now.} Rd3+ 59. Ke2 Rd6 60. b7 Rb6 61. Re7 Kd5 62. Rh7 (62. f4 $142 Kd6 63. Rh7) 62... Ke4 63. Re7+ $2 (63. f3+ $18 Kd4 64. f4) 63... Kd4 $2 (63... Kd5 $11 64. f4 Kd6) 64. Kf3 Rb3+ {[%emt 0:00:14] [#]} 65. Kg2 $1 Rb6 66. Kh3 Rb1 67. f4 Rh1+ 68. Kg2 Rb1 {[%emt 0:00:08] White is clearly winning.} 69. f5 {[%emt 0:00:11] White wants to mate with f6.} Rb2+ 70. Kf3 Rb3+ 71. Ke2 {[%emt 0:00:21] White threatens f6 and mate.} Kd5 72. Kd2 Kd6 73. f6 Rb2+ 74. Kc3 Rb1 75. Kc4 Rb2 76. Kd4 Rb4+ 77. Ke3 Rb1 78. Ke4 Rb5 79. Rh7 Ke6 80. f7 Rb4+ 81. Ke3 Rb3+ 82. Kd4 {[%emt 0:00:05] Weighted Error Value: White=0.16 (very precise) /Black=0.27 (precise)} 1-0

[Event "26th Hit Open-A 2022"]
[Site "Nova Gorica"]
[Date "2022.09.18"]
[Round "4.40"]
[White "Rigatti, Giorgio"]
[Black "Charaus, Florian"]
[Result "1/2-1/2"]
[ECO "B13"]
[WhiteElo "1763"]
[BlackElo "1993"]
[Annotator "TA"]
[PlyCount "83"]
[EventDate "2022.09.16"]
[EventType "swiss"]
[EventCountry "SLO"]
[SourceTitle "playchess.com"]
[Source "ChessBase"]
[SourceQuality "1"]
[TimeControl "5400+30"]

1. e4 c6 2. d4 d5 3. exd5 cxd5 4. Bd3 Nc6 5. c3 Qc7 6. Qb3 {[%emt 0:01:40] [#]} (6. h3 $11 {keeps the balance.}) 6... Nf6 {[%emt 0:00:08] B13: Caro-Kann: Exchange Variation and Panov-Botvinnik Attack.} (6... Nxd4 $1 $17 7. Qxd5 e5) 7. Nf3 Bg4 8. Nbd2 e6 {[%emt 0:00:16] Black has an edge.} 9. h3 Bh5 10. O-O Bd6 11. Re1 O-O 12. Bb5 Rab8 {[%emt 0:00:23] [#]} 13. Bxc6 $146 (13. Qa4 $15 {is superior.}) ({Predecessor:} 13. Qa4 Nd7 14. Bd3 Rfe8 15. g4 Bg6 16. Bxg6 hxg6 17. Nf1 b5 18. Qd1 b4 19. Ne3 bxc3 20. bxc3 {0-1 (42) Wienen,H (1998)-Davenport,D (2076) Germany 2010}) 13... bxc6 $17 14. Qa4 Nd7 {[%emt 0:01:55] Against Ne5} (14... c5 $17 15. dxc5 Qxc5) 15. b4 (15. b3 $15) 15... Rfe8 16. Qa6 e5 (16... f6 $17 17. Nb3 Bxf3 18. gxf3 Nf8) 17. Bb2 $2 ({White should try} 17. dxe5 $1 $15 Nxe5 18. Nd4) 17... e4 $19 18. Nh4 Bf4 19. Nf1 Nb6 (19... Bg5 $19 20. Nf5 Bg6) 20. Bc1 $17 Bxc1 21. Raxc1 Nc4 22. Nf5 {[%emt 0:04:38] Prevents Qe7.} ({Better is} 22. Rc2 $15) 22... Rb6 (22... Qd7 $19 23. N5g3 Bg6) 23. Qa4 {[%emt 0:01:21] [#]} Nb2 (23... Qd7 $1 $17 24. N5g3 Bg6) 24. Qc2 $14 Nd3 (24... Nc4 $11) 25. Qxd3 $1 $18 Qf4 (25... Qd7 26. Qe3 $18) 26. N5g3 (26. Qe3 $142 Qxf5 27. Ng3) 26... Qxc1 {[%emt 0:00:56] [#]} 27. Nxh5 $1 $40 {[%emt 0:01:46][%mdl 128] White goes for the king.} Qg5 (27... exd3 $2 28. Rxe8# (28. Rxc1 Re2 $16)) 28. Nhg3 f5 29. Qd2 f4 30. Ne2 e3 (30... Rf8 $142 31. c4 Rbb8) 31. fxe3 fxe3 32. Qd3 ({Don't take} 32. Qc1 $6 Rb7 $16) 32... a5 33. a3 axb4 34. axb4 Rb7 35. Neg3 Qd8 (35... g6 $142 36. Rxe3 Rbe7 37. Rxe7 Qxe7) 36. Rxe3 Ra7 37. Rxe8+ Qxe8 38. Qe2 Re7 39. Qg4 Re1 40. Kf2 {[%emt 0:00:33] aiming for Nf5.} Re6 41. Kg1 Re1 $1 42. Kf2 $2 {[%emt 0:00:23] Weighted Error Value: White=0.42/Black=0.35} (42. Kh2 $18) 1/2-1/2

[Event "26th Hit Open-A 2022"]
[Site "Nova Gorica"]
[Date "2022.09.18"]
[Round "4.41"]
[White "Novak, Simona"]
[Black "Labrovic, Jakov"]
[Result "0-1"]
[ECO "C46"]
[WhiteElo "1692"]
[BlackElo "1882"]
[Annotator "NA COMBH"]
[PlyCount "104"]
[EventDate "2022.09.16"]
[EventType "swiss"]
[EventCountry "SLO"]
[SourceTitle "playchess.com"]
[Source "ChessBase"]
[SourceQuality "1"]
[TimeControl "5400+30"]

1. e4 e5 2. Nf3 Nc6 3. Nc3 Bc5 4. Nxe5 Bxf2+ 5. Kxf2 Nxe5 6. d4 Ng6 7. Bc4 Nh6 8. Rf1 d5 9. Nxd5 Bg4 10. Qd3 c6 11. Nc3 b5 12. Bb3 b4 13. Na4 Qh4+ 14. Qg3 Be6 15. Qxh4 Nxh4 16. Bxh6 gxh6 17. g3 Ng6 18. Bxe6 fxe6 19. Nc5 Ke7 20. Na6 Rad8 21. Ke3 e5 22. dxe5 Nxe5 23. Nxb4 Nc4+ 24. Kf4 Rdf8+ 25. Kg4 Ne3+ 26. Kh3 Rxf1 27. Rxf1 Nxf1 28. Nxc6+ Kd7 29. Ne5+ Ke6 30. Nc4 Rd8 31. c3 Nd2 32. Ne3 Nxe4 33. a4 Rd2 34. Nc4 Ng5+ 35. Kg4 Rxh2 36. a5 Ne4 37. Kf4 Nd6 38. Ne3 Rxb2 39. Ng4 Nf7 40. Ke3 h5 41. Nf2 Rxf2 42. Kxf2 Kd5 43. Ke3 Ne5 44. Kf4 h6 45. Kf5 a6 46. c4+ Nxc4 47. Kg6 Nxa5 48. Kxh6 Nc4 49. Kxh5 a5 50. g4 a4 51. g5 Ne5 52. g6 Nxg6 0-1

[Event "26th Hit Open-A 2022"]
[Site "Nova Gorica"]
[Date "2022.09.18"]
[Round "4.42"]
[White "Azinovic, Igor"]
[Black "Cokan, Mirko"]
[Result "1/2-1/2"]
[ECO "C44"]
[WhiteElo "1814"]
[BlackElo "1683"]
[Annotator "NA COMBH"]
[PlyCount "42"]
[EventDate "2022.09.16"]
[EventType "swiss"]
[EventCountry "SLO"]
[SourceTitle "playchess.com"]
[Source "ChessBase"]
[SourceQuality "1"]
[TimeControl "5400+30"]

1. e4 e5 2. Nf3 Nc6 3. c3 f5 4. exf5 d5 5. Bb5 Bd6 6. O-O Nf6 7. d4 e4 8. Ne5 Bd7 9. Bxc6 bxc6 10. f3 O-O 11. fxe4 Nxe4 12. Qg4 Nf6 13. Qh4 Ne4 14. Qh3 Qc8 15. g4 c5 16. Nd2 cxd4 17. Nxe4 dxe4 18. cxd4 Rb8 19. b3 Bb5 20. Re1 Bxe5 21. dxe5 Bd3 1/2-1/2

[Event "26th Hit Open-A 2022"]
[Site "Nova Gorica"]
[Date "2022.09.18"]
[Round "4.43"]
[White "Di Lascio, Savino"]
[Black "Savoia, Serge"]
[Result "1-0"]
[ECO "A04"]
[WhiteElo "1793"]
[BlackElo "1636"]
[Annotator "NA COMBH"]
[PlyCount "135"]
[EventDate "2022.09.16"]
[EventType "swiss"]
[EventCountry "SLO"]
[SourceTitle "playchess.com"]
[Source "ChessBase"]
[SourceQuality "1"]
[TimeControl "5400+30"]

1. Nf3 d6 2. g3 g6 3. Bg2 Bg7 4. O-O c6 5. a4 a5 6. d3 Na6 7. Nbd2 e5 8. e4 Nb4 9. Nc4 b5 10. axb5 cxb5 11. Ne3 Ne7 12. Bd2 Nec6 13. Nd5 Nxd5 14. exd5 Ne7 15. c4 Bd7 16. Ng5 O-O 17. Ne4 Qb6 18. Bh6 f5 19. Bxg7 Kxg7 20. Ng5 Rac8 21. b3 b4 22. Ra2 h6 23. Nf3 g5 24. Re2 Ng6 25. Nd2 f4 26. gxf4 Nxf4 27. Re3 Nxg2 28. Kxg2 Rf4 29. Ne4 Rcf8 30. Qd2 Bf5 31. Ng3 Bg6 32. h3 h5 33. Ne2 R4f7 34. d4 e4 35. Rg3 g4 36. hxg4 h4 37. Re3 Qc7 38. Ng1 Qd7 39. Kh3 Bh5 40. Rxe4 a4 41. bxa4 b3 42. Re6 Bg6 43. f4 Qxa4 44. f5 Rf6 45. Qg5 Qxc4 46. Rf3 Qxd5 47. Rxf6 Rxf6 48. Qe3 Bxf5 49. Qg5+ Kf7 50. Qh5+ Ke7 51. Re3+ Re6 52. Qg5+ Kd7 53. Qg7+ Kc6 54. Rc3+ Kb5 55. Nf3 Rg6 56. Qf8 Bxg4+ 57. Kh2 Kb4 58. Re3 Rg8 59. Qf4 Bxf3 60. Rxf3 Rg3 61. Qd2+ Kb5 62. Rf8 Qg5 63. Qe2+ Kc6 64. Qc4+ Kb7 65. Rf7+ Kb6 66. Qb4+ Qb5 67. Qxd6+ Qc6 68. Qb8+ 1-0

[Event "26th Hit Open-A 2022"]
[Site "Nova Gorica"]
[Date "2022.09.18"]
[Round "4.44"]
[White "Vicic, Mark"]
[Black "Fiolo, Costanza"]
[Result "1-0"]
[ECO "A48"]
[WhiteElo "1641"]
[BlackElo "1768"]
[Annotator "NA COMBH"]
[PlyCount "69"]
[EventDate "2022.09.16"]
[EventType "swiss"]
[EventCountry "SLO"]
[SourceTitle "playchess.com"]
[Source "ChessBase"]
[SourceQuality "1"]
[TimeControl "5400+30"]

1. d4 Nf6 2. Nf3 g6 3. Bf4 d5 4. Nbd2 Bg7 5. e3 O-O 6. Bd3 b6 7. c3 c5 8. O-O Nc6 9. h3 Bb7 10. Bh2 Nd7 11. e4 dxe4 12. Bxe4 Nf6 13. dxc5 bxc5 14. Bc2 Qc8 15. Re1 Rd8 16. Qe2 Ba6 17. Qe3 Nd7 18. Be4 Re8 19. Ng5 Bb7 20. Nxf7 Kxf7 21. Bd5+ e6 22. Bxe6+ Kf8 23. Bd6+ Ne7 24. Qf4+ Bf6 25. Bxd7 Qxd7 26. Qxf6+ Kg8 27. Rxe7 Rxe7 28. Qxe7 Qc6 29. Qe6+ Kg7 30. Be5+ Kh6 31. Qg4 g5 32. Nf3 Rg8 33. Nh4 Qd5 34. Nf5+ Kg6 35. Ne7+ 1-0

[Event "26th Hit Open-A 2022"]
[Site "Nova Gorica"]
[Date "2022.09.18"]
[Round "4.45"]
[White "Mocic, Ivano"]
[Black "Zlatanovic, Srdjan"]
[Result "0-1"]
[ECO "E16"]
[WhiteElo "1672"]
[BlackElo "1740"]
[Annotator "NA COMBH"]
[PlyCount "106"]
[EventDate "2022.09.16"]
[EventType "swiss"]
[EventCountry "SLO"]
[SourceTitle "playchess.com"]
[Source "ChessBase"]
[SourceQuality "1"]
[TimeControl "5400+30"]

1. d4 Nf6 2. c4 e6 3. Nf3 Bb4+ 4. Bd2 Qe7 5. g3 b6 6. Bg2 Bb7 7. O-O Bxd2 8. Nbxd2 Nc6 9. e4 O-O 10. Qe2 h6 11. Rfe1 Nh7 12. d5 Nb4 13. a3 Nc2 14. Qd3 Nxa1 15. Rxa1 Ng5 16. Nxg5 Qxg5 17. f4 Qe7 18. Re1 Rfe8 19. Nf3 Rad8 20. Kh1 exd5 21. cxd5 a5 22. Nd2 a4 23. Rc1 d6 24. Qd4 Qd7 25. f5 f6 26. Nf3 Ra8 27. Nh4 Ra5 28. Ng6 Rc5 29. Rxc5 dxc5 30. Qc4 Qf7 31. Nf4 c6 32. Ne6 cxd5 33. exd5 Qd7 34. d6 Bxg2+ 35. Kxg2 Qc6+ 36. Kg1 Kh8 37. Qf4 Qd7 38. Kg2 b5 39. Kg1 c4 40. Qd4 Rc8 41. Qb6 c3 42. bxc3 Rxc3 43. Qb8+ Rc8 44. Qb6 Kg8 45. h3 Rc1+ 46. Kh2 Qc8 47. Nf4 Qc2+ 48. Ng2 Qxf5 49. Qd8+ Kh7 50. h4 Qf1 51. g4 Qh1+ 52. Kg3 Rc3+ 53. Kf2 Rc2+ 0-1

[Event "26th Hit Open-A 2022"]
[Site "Nova Gorica"]
[Date "2022.09.18"]
[Round "4.46"]
[White "Hellsten, Uffe"]
[Black "Zlatanovic, Marcus"]
[Result "0-1"]
[ECO "B22"]
[WhiteElo "1732"]
[BlackElo "1636"]
[Annotator "NA COMBH"]
[PlyCount "108"]
[EventDate "2022.09.16"]
[EventType "swiss"]
[EventCountry "SLO"]
[SourceTitle "playchess.com"]
[Source "ChessBase"]
[SourceQuality "1"]
[TimeControl "5400+30"]

1. e4 c5 2. c3 d5 3. exd5 Qxd5 4. d4 Nc6 5. Nf3 Bf5 6. Bd3 Bxd3 7. Qxd3 cxd4 8. cxd4 Nb4 9. Qe2 Rc8 10. Nc3 Qd7 11. O-O e6 12. Bf4 Nf6 13. Rfd1 Nbd5 14. Nxd5 Nxd5 15. Bg3 Bd6 16. Ne5 Bxe5 17. Bxe5 O-O 18. Qg4 f6 19. Bg3 Rc2 20. Re1 Rfc8 21. h4 R8c6 22. Re2 Ne7 23. Rae1 Rxe2 24. Rxe2 Nf5 25. Rd2 Rc4 26. Bb8 b6 27. Qe4 Rxd4 28. Rxd4 Nxd4 29. Qa8 Qc8 30. Qe4 Nc6 31. Bf4 Qd7 32. Be3 Qd5 33. Qa4 h6 34. h5 Qd7 35. Qg4 Ne5 36. Qg3 Qd1+ 37. Kh2 Qxh5+ 38. Kg1 Qd1+ 39. Kh2 Ng4+ 40. Kh3 Nxe3 41. Qxe3 Qh5+ 42. Kg3 Qg5+ 43. Qxg5 hxg5 44. Kg4 Kf7 45. g3 Kg6 46. b4 f5+ 47. Kf3 Kf6 48. a4 Ke5 49. a5 bxa5 50. bxa5 Kd4 51. a6 e5 52. g4 g6 53. Kg3 f4+ 54. Kg2 Ke4 0-1